 Seeded DCSS version 0.31-a0-1074-g0b22e4e0f1 (webtiles) character file.

Game seed: 11678200957480700972 (custom seed)

12809 Iich the Cleaver (level 11, -4/92 HPs)
             Began as a Demonspawn Fighter on Dec 5, 2023.
             Was an Initiate of Gozag.
             Slain by a very large slime creature (25 damage)
             ... in a Gauntlet.
             The game lasted 00:22:59 (12200 turns).

Iich the Cleaver (Demonspawn Fighter)              Turns: 12200, Time: 00:23:00

Health: -4/92      AC: 14    Str: 25    XL:     11   Next: 67%
Magic:  0/20       EV: 11    Int:  9    God:    Gozag
Gold:   363        SH:  9    Dex: 11    Spells: 10/10 levels left

rFire   . . .        A - +0 broad axe (drain)
rCold   . . .        c - +0 buckler
rNeg    . . .        b - +7 scale mail of Darkness {MP+9}
rPois   .            (helmet restricted)
rElec   .            m - scarf {repulsion}
rCorr   .            (no gloves)
SInv    +            (no boots)
Will    .....        s - amulet of guardian spirit Stlth
                     S - ring of see invisible
HPRegen 0.35/turn    (no ring)
MPRegen 0.17/turn

%: no teleportation, repel missiles, guardian spirit
@: gold aura, studying Evocations
A: antennae 2, rugged brown scales 1, powered by death 2, condensation shield,
strong 1, wild magic 1
a: Renounce Religion, Potion Petition, Call Merchant, Bribe Branch


You were in a Gauntlet.
You worshipped Gozag.
Gozag was aware of your devotion.
You visited 3 branches of the dungeon, and saw 14 of its levels.
You also visited: Gauntlet.

You collected 937 gold pieces.
You spent 119 gold pieces at shops.
You paid 455 gold pieces to Gozag.

Inventory:

Hand Weapons
 g - a +2 broad axe of venom
 A - a +0 broad axe of draining (weapon)
Missiles
 H - a throwing net
Armour
 b - the +7 scale mail of Darkness (worn) {MP+9}
   (You found it on level 3 of the Dungeon)

   MP+9:      It affects your magic capacity (+9).
 c - a +0 buckler (worn)
 k - a +1 chain mail of fire resistance
 m - a scarf of repulsion (worn)
 y - a +0 plate armour
 G - a +0 cloak
Jewellery
 h - a ring of ice
 s - an amulet of guardian spirit (around neck)
 S - a ring of see invisible (left hand)
 W - a ring of wizardry
Wands
 x - a wand of light (7)
 z - a wand of flame (46)
 F - a wand of polymorph (3)
 J - a wand of roots (5)
Scrolls
 i - a scroll of amnesia {unknown}
 j - a scroll of immolation
 o - a scroll of silence
 r - a scroll of revelation {unknown}
 t - 2 scrolls of teleportation
 u - a scroll of noise {unknown}
 w - a scroll of summoning
 B - 3 scrolls of fog
 M - a scroll of enchant armour {unknown}
Potions
 a - 2 potions of mutation
 d - 2 potions of might
 e - 2 potions of cancellation
 f - 2 potions of ambrosia
 n - a potion of resistance
 p - a potion of degeneration
 q - a potion of curing
 v - a potion of invisibility {unknown}
 C - a potion of haste {unknown}
 D - a potion of enlightenment
 E - a potion of attraction {unknown}
 I - a potion of berserk rage {unknown}
 K - a potion of lignification
 L - a potion of brilliance {unknown}


   Skills:
 + Level 9.8 Fighting
 * Level 12.2 Axes
 - Level 2.6 Armour
 + Level 5.2 Dodging
 + Level 5.9 Shields
 + Level 8.0 Evocations


You had 10 spell levels left.
You didn't know any spells.
Your spell library contained the following spells:

 Spells                   Type           Power      Damage    Failure   Level
 Scorch                   Fire           0%         2d5       90%         2
 Flame Wave               Conj/Fire      0%         2d4       100%        4
 Summon Cactus Giant      Summ           0%         N/A       100%        6
 Haunt                    Necr/Summ      0%         N/A       100%        7
 Borgnjor's Revivificati  Necr           0%         N/A       100%        8
 Death's Door             Necr           0%         N/A       100%        9


Dungeon Overview and Level Annotations

Branches:
Dungeon (12/15)            Temple (1/1) D:5            Lair (1/5) D:9
    Orc (0/2) D:11        Gauntlet (1/1)

Altars:
Ashenzari
Cheibriados
Dithmenos
Fedhas
Gozag
Hepliaklqana
Kikubaaqudgha
Makhleb
Nemelex Xobeh
Okawaru
Qazlal
Ru
Sif Muna
Trog
Uskayaw
Vehumet
Wu Jian
Xom
Yredelemnul

Shops:
D:7 (   D:8 (   D:9 (:(

Annotations:
D:4 1 runed translucent door
D:8 3 runed translucent doors, dragonking145's ghost, novice FoFi
D:9 2 transporters, wally255's ghost, novice MiFi Gauntlet 11 transporters, exclusion: obsidian statue


Innate Abilities, Weirdness & Mutations

You have a pair of antennae on your head.
You are partially covered in rugged brown scales. (AC +1, +3% HP)
You regenerate health from kills.
A meltable shield of frost defends you. (SH +4)
Your muscles are strong. (Str +4, Int/Dex -1)
Your spells are a little harder to cast, but a little more powerful.


Message History

You hit the very large slime creature.
The very large slime creature is severely wounded.
The very large slime creature hits you!!
You take 22 damage, and have 70/92 hp. !!!!--MASSIVE DAMAGE--!!!!
You now have 15/20 mp.
You slash the very large slime creature!
The very large slime creature is severely wounded.
The very large slime creature hits you!
* * * LOW HITPOINT WARNING * * *
You take 11 damage, and have 59/92 hp.
You now have 12/20 mp.
You are too injured to fight recklessly!
You are too injured to fight recklessly!
You are too injured to fight recklessly!
You barely miss the very large slime creature.
The very large slime creature is severely wounded.
The very large slime creature hits you but does no damage.
You hit the very large slime creature.
The very large slime creature is almost dead.
You block the very large slime creature's attack.
You hit the very large slime creature.
You drain the very large slime creature.
The very large slime creature is almost dead.
The very large slime creature hits you!
* * * LOW HITPOINT WARNING * * *
You take 13 damage, and have 47/92 hp.
You now have 10/20 mp.
You barely miss the very large slime creature.
The very large slime creature is almost dead.
The very large slime creature hits you!!
* * * LOW HITPOINT WARNING * * *
You take 17 damage, and have 30/92 hp.
You now have 7/20 mp.
You barely miss the very large slime creature.
The very large slime creature is almost dead.
The very large slime creature hits you!
* * * LOW HITPOINT WARNING * * *
You take 9 damage, and have 21/92 hp.
You now have 6/20 mp.
You slash the very large slime creature!
The very large slime creature is almost dead.
The very large slime creature hits you!!
You die...
Your body crumbles into a pile of gold.

## ### ### ### ### ##############
≈###≈###≈###≈###≈###.............
≈≈#≈≈≈#≈≈≈#≈≈≈#≈≈≈#...8⌠8..8∩8..8
.................................
#################################
#.##.#.(#8©8#....J..#8©8#G.^.^..#
##..##.##...#....#..#...#G⌠.#.#=#
##.#..###...#..J###!#...#..P.P..#
#.##©#.©#©.©#..#@#.©#©.©#.8.©.#©#
##..##.######.###$./#####..P.P.!#
##.#..###...#..#....#...#.8.#.#.#
#.##.#..#.8.#.......#.8.#..^.^.G#
#########...#########...#########
.................................
≈≈#≈≈≈#≈≈≈#≈≈≈#≈≈≈#≈≈≈#≈≈≈#≈≈≈#≈≈
≈###≈###≈###≈###≈###≈###≈###≈###≈
## ### ### ### ### ### ### ### ##


You could see a very large slime creature (drained).

Vanquished Creatures
  A boulder beetle (D:11)
  Pikel (D:5)
  Maurice (D:9)
  A black mamba (Lair:1)
  3 cane toads (Lair:1)
  Jeremiah (D:7)
  An ice devil (Gauntlet)
  A komodo dragon (Lair:1)
  A polar bear (Lair:1)
  4 trolls
  A hornet (D:7)
  Grinder (D:6)
  Sigmund (D:5)
  9 yaks
  Eustachio (D:4)
  2 wraiths
  A wyvern (D:11)
  A steam dragon (D:7)
  Menkaure (D:5)
  The ghost of Gelion the Insei, an amateur OpSh (D:4)
  5 water moccasins
  Duvessa (D:4)
  Edmund (D:4)
  A sky beast (D:6)
  2 ice beasts
  4 black bears
  9 orc warriors
  3 ogres
  A centaur (D:9)
  A kobold brigand (D:9)
  2 phantoms (D:5)
  5 bullfrogs
  3 scorpions (D:6)
  2 gnoll sergeants (D:11)
  3 wights (D:8)
  Dowan (D:4)
  20 killer bees
  3 howler monkeys (D:8)
  4 hounds
  A jelly (Gauntlet)
  4 orc priests
  3 iron imps (D:7)
  2 sleepcaps
  An iguana (D:7)
  9 orc wizards
  6 hell rats (Lair:1)
  2 gnolls
  6 adders
  4 white imps
  4 ufetubi (D:5)
  3 worms
  5 dart slugs
  48 orcs
  8 endoplasms
  2 giant cockroaches
  8 goblins
  6 hobgoblins
  10 jackals
  A quokka (D:2)
  11 ball pythons
  5 bats
  5 frilled lizards
  13 kobolds
  7 rats
279 creatures vanquished.

Notes
Turn   | Place    | Note
-------+----------+-------------------------------------------
     0 | D:1      | Iich the Demonspawn Fighter began the quest for the Orb.
     0 | D:1      | Reached XP level 1. HP: 18/18 MP: 1/1
    32 | D:1      | Reached skill level 2 in Axes
    98 | D:1      | Gained mutation: You have a pair of small antennae on your
                  | head. [demonic ancestry]
    98 | D:1      | Reached XP level 2. HP: 17/24 MP: 2/2
   486 | D:2      | Reached XP level 3. HP: 29/29 MP: 3/3
   501 | D:2      | Reached skill level 3 in Axes
   937 | D:2      | Reached XP level 4. HP: 37/37 MP: 4/4
  1177 | D:3      | Identified the +7 scale mail of Darkness {MP+9}
  1421 | D:3      | Found a faded altar of an unknown god.
  1644 | D:3      | Gained mutation: Your spells are a little harder to cast,
                  | but a little more powerful. [potion of mutation]
  1644 | D:3      | Gained mutation: Your muscles are strong. (Str +4, Int/Dex
                  | -1) [potion of mutation]
  1704 | D:3      | Reached skill level 4 in Axes
  1888 | D:4      | Gained mutation: You regenerate a little health from kills.
                  | [demonic ancestry]
  1888 | D:4      | Reached XP level 5. HP: 36/42 MP: 5/5
  1997 | D:4      | Noticed Duvessa
  1997 | D:4      | Noticed Dowan
  2012 | D:4      | Killed Duvessa
  2016 | D:4      | Killed Dowan
  2017 | D:4      | Reached XP level 6. HP: 26/49 MP: 6/6
  2271 | D:4      | Found a runed translucent door.
  2336 | D:4      | Reached skill level 5 in Axes
  2507 | D:4      | Found a runed translucent door.
  2508 | D:4      | Noticed Gelion's ghost (amateur OpSh)
  2592 | D:4      | Noticed Edmund
  2609 | D:4      | Killed Edmund
  2610 | D:4      | Reached skill level 5 in Fighting
  2978 | D:4      | Noticed Eustachio
  2998 | D:4      | Killed Eustachio
  2999 | D:4      | Reached skill level 6 in Axes
  2999 | D:4      | Gained mutation: You regenerate health from kills. [demonic
                  | ancestry]
  2999 | D:4      | Reached XP level 7. HP: 19/56 MP: 7/7
  3538 | D:4      | Killed Gelion's ghost
  3706 | D:5      | Entered Level 5 of the Dungeon
  3769 | D:5      | Reached skill level 7 in Axes
  3769 | D:5      | Reached XP level 8. HP: 43/64 MP: 8/8
  4013 | D:5      | Noticed Pikel
  4025 | D:5      | Killed Pikel
  4026 | D:5      | Reached skill level 8 in Axes
  4040 | D:5      | Noticed Menkaure
  4049 | D:5      | Killed Menkaure
  4166 | D:5      | Found a staircase to the Ecumenical Temple.
  4175 | Temple   | Entered the Ecumenical Temple
  4267 | D:5      | Noticed Sigmund
  4293 | D:5      | Killed Sigmund
  4294 | D:5      | Reached skill level 9 in Axes
  4294 | D:5      | Gained mutation: A meltable shield of frost defends you.
                  | (SH +4) [demonic ancestry]
  4294 | D:5      | Reached XP level 9. HP: 67/72 MP: 9/9
  4831 | D:6      | Found a blossoming altar of Fedhas.
  4831 | D:6      | Found a hazy altar of Hepliaklqana.
  4925 | D:6      | Noticed Grinder
  4927 | D:6      | Paralysed by Grinder for 5 turns
  4941 | D:6      | Killed Grinder
  4942 | D:6      | Reached skill level 1 in Dodging
  4942 | D:6      | Reached skill level 1 in Evocations
  5037 | D:6      | Noticed a troll
  5050 | D:6      | Killed a troll
  5116 | D:6      | Found an iron altar of Okawaru.
  5122 | D:6      | Reached skill level 10 in Axes
  5950 | D:7      | Paralysed by a hornet for 1 turns
  5954 | D:7      | Gained mutation: You have a pair of antennae on your head.
                  | [demonic ancestry]
  5954 | D:7      | Reached XP level 10. HP: 42/82 MP: 10/10
  6207 | D:7      | Noticed Jeremiah
  6235 | D:7      | Killed Jeremiah
  6389 | D:7      | Found Lean's Weapon Emporium.
  6396 | D:7      | Bought a +0 broad axe of draining for 119 gold pieces
  6488 | D:7      | Found a burning altar of Makhleb.
  6760 | D:8      | Found a runed translucent gate.
  6760 | D:8      | Noticed dragonking145's ghost (novice FoFi)
  6827 | D:8      | Found a runed translucent gate.
  6827 | D:8      | Found a runed translucent gate.
  6831 | D:8      | Identified the +5 chain mail of Whack-A-Mole {rPois}
  6838 | D:8      | Found Yguijin's Antique Weapon Boutique.
  7129 | D:9      | Reached skill level 5 in Evocations
  7165 | D:9      | Found a transporter.
  7165 | D:9      | Noticed wally255's ghost (novice MiFi)
  7166 | D:9      | Identified the +1 dire flail of Husiogiz {antimagic, Will+}
  7166 | D:9      | Identified the +10 great mace of Destiny {venom, +Blink}
  7166 | D:9      | Noticed a two-headed ogre
  7166 | D:9      | Noticed a two-headed ogre
  7168 | D:9      | Noticed a two-headed ogre
  7169 | D:9      | Found a transporter.
  7197 | D:9      | Found Mofet's Book Emporium.
  7197 | D:9      | Found Aniaqi's Antique Weapon Emporium.
  7208 | D:9      | Found Run Ecad's Weapon Emporium.
  7644 | D:9      | Reached skill level 11 in Axes
  7719 | D:9      | Noticed Maurice
  7769 | D:9      | Maurice stole a +2 broad axe of venom
  7770 | D:9      | Maurice stole a ring of wizardry
  7772 | D:9      | Maurice stole 183 gold
  7799 | D:9      | Killed Maurice
  7935 | D:9      | Found a staircase to the Lair.
  8410 | D:10     | Entered Level 10 of the Dungeon
  8490 | D:10     | Reached skill level 5 in Shields
  8492 | D:10     | Gained mutation: You are partially covered in rugged brown
                  | scales. (AC +1, +3% HP) [demonic ancestry]
  8492 | D:10     | Reached XP level 11. HP: 75/91 MP: 11/11
  8535 | D:10     | Found a hide-covered altar of Uskayaw.
  8581 | D:10     | Found a sacrificial altar of Ru.
  8633 | D:10     | Noticed a two-headed ogre
  8716 | D:10     | Found an opulent altar of Gozag.
  8789 | D:10     | Became a worshipper of Gozag Ym Sagoz the Greedy
  9565 | Lair:1   | Entered Level 1 of the Lair of Beasts
 11055 | D:11     | Noticed a boulder beetle
 11079 | D:11     | Killed a boulder beetle
 11080 | D:11     | Reached skill level 12 in Axes
 11188 | D:11     | Reached skill level 5 in Dodging
 11200 | D:11     | Identified the +1 robe "Wushonn" {Str+3}
 11520 | D:11     | Found a staircase to the Orcish Mines.
 11783 | D:12     | Found a gate leading to a gauntlet.
 11797 | Gauntlet | Entered a Gauntlet
 11797 | Gauntlet | Found a transporter.
 11805 | Gauntlet | Found a transporter.
 11808 | Gauntlet | Found a transporter.
 11816 | Gauntlet | Found a transporter.
 11820 | Gauntlet | Found a transporter.
 11823 | Gauntlet | Noticed a shining eye
 11828 | Gauntlet | Found a transporter.
 11832 | Gauntlet | Found a transporter.
 11839 | Gauntlet | Noticed an obsidian statue
 11841 | Gauntlet | Found a transporter.
 11844 | Gauntlet | Found a transporter.
 11846 | Gauntlet | Noticed an occultist
 11852 | Gauntlet | Noticed an occultist
 11852 | Gauntlet | Found a transporter.
 11873 | Gauntlet | Found a transporter.
 11885 | Gauntlet | Found a transporter.
 11898 | Gauntlet | Found a transporter.
 11911 | Gauntlet | Found a transporter.
 12200 | Gauntlet | Slain by a very large slime creature

Illustrated notes

Levels and vault maps discovered:
D:1:      wander_arrival_estate, layout_rooms, nicolae_grassy_gnolls
D:2:      layout_rooms, nicolae_eternal_life, st_stairs_11
D:3:      layout_basic, basic_ecumenical_altar, minmay_bisected
D:4:      layout_basic, ebering_ghost_sewer_f, uniq_edmund, uniq_duvessa,
          uniq_eustachio
D:5:      layout_basic, minmay_temple_entry_butterflies, uniq_sigmund,
          uniq_menkaure, uniq_pikel
D:6:      layout_loops_ring, kennysheep_okawaru_gauntlet,
          mainiacjoe_overflow_small_starburst, gammafunk_temple_overflow_wave,
          minmay_manual_mess, uniq_grinder
D:7:      layout_basic, demons_altar, serial_shops, nicolae_diamond_shop,
          lemuel_flamethrower_1, uniq_jeremiah
D:8:      layout_rooms, biasface_ghost_orc_armoury, serial_shops, shop
D:9:      layout_roguey, lair_entry_dummy, gammafunk_ghost_smash,
          nicolae_shop_distant_corner_stores, nrook_pool_corridor, uniq_maurice
D:10:     layout_rooms, nicolae_gozag_seed_capital,
          mainiacjoe_overflow_chevrons, old_standard_altar, elyvilon_altar_4,
          mainiacjoe_overflow_alcove_2, serial_co_window_serial,
          co_window_cross_1, co_window_paths_b, co_window_paths_a,
          co_window_paths_b, co_window_corner_a, co_window_corner_a,
          co_window_corner_a, co_window_of_opportunity_c, co_window_paths_c,
          co_window_of_opportunity_b, co_window_cross_4, co_window_corner_b,
          co_window_2corner, co_window_paths_d
D:11:     layout_layer_cave, kennysheep_orc_monster_closet_entryway
D:12:     layout_small_grid, gauntlet_entry_generic, uniq_nergalle
Temple:   nicolae_temple_hex_pool
Lair:1:   layout_chaotic_city, dpeg_stationary_puzzle
Gauntlet: gammafunk_gauntlet_77_escape_option
          [minmay_gauntlet_arena_77_tiled_triplets,
          minmay_gauntlet_arena_77_double_cross,
          minmay_gauntlet_arena_77_museum, minmay_gauntlet_arena_77_checkered,
          minmay_gauntlet_arena_77_braids, gauntlet_exit_watery]

Skill      XL: |  1  2  3  4  5  6  7  8  9 10 11 |
---------------+----------------------------------+-----
Axes           | 2 3 4 6 7 9 10 11 12 | 12.2
Fighting       | 4 5 6 7 8 9 |  9.8
Dodging        | 2 4 5 |  5.2
Shields        | 3 5 |  5.9
Evocations     | 3 6 8 |  8.0
Armour         | |  2.6

Action                     |  1- 3 |  4- 6 |  7- 9 | 10-12 || total
---------------------------+-------+-------+-------+-------++-------
  Melee: War axe           |    70 |       |       |       ||    70
         Broad axe         |    20 |   166 |   233 |   454 ||   873
         Unarmed           |       |       |       |    21 ||    21
 Invoke: Potion Petition   |       |       |       |     1 ||     1
    Use: Potion            |     1 |     1 |       |     8 ||    10
         Scroll            |     6 |     4 |     3 |     3 ||    16
   Stab: Invisible         |       |       |       |     9 ||     9
 Armour: Scale mail        |    64 |   184 |   198 |   373 ||   819
         Skin              |       |       |       |    19 ||    19
  Dodge: Dodged            |    38 |    83 |    84 |   268 ||   473
         Repelled          |       |       |       |     2 ||     2
  Block: Buckler           |    27 |    49 |    69 |   230 ||   375

Table legend: (Time is in decaauts)
 A = Elapsed time spent in this place.
 B = Non-inter-level travel time spent in this place.
 C = Inter-level travel time spent in this place.
 D = Time resting spent in this place.
 E = Time spent auto-exploring this place.
 F = Levels seen in this place.
 G = Mean time per level.
                   A        B        C        D        E       F      G
               +--------+--------+--------+--------+--------+-----+--------+
         Total |  12386 |  11769 |    617 |    583 |   8615 |  15 |  825.7 |
       Dungeon |  11105 |  10494 |    611 |     71 |   8303 |  12 |  925.4 |
        Temple |     93 |     88 |      5 |      0 |      0 |   1 |   93.0 |
          Lair |    783 |    783 |      0 |    512 |      0 |   1 |  783.0 |
      Gauntlet |    403 |    403 |      0 |      0 |    312 |   1 |  403.0 |
               +--------+--------+--------+--------+--------+-----+--------+

Top non-repeatable levels by time:
     D:4: 1894 daAuts
    D:11: 1372 daAuts
     D:9: 1362 daAuts
    D:10: 1149 daAuts
     D:7: 1080 daAuts
     D:6: 959 daAuts
     D:5: 907 daAuts
  Lair:1: 783 daAuts
     D:3: 743 daAuts
     D:2: 688 daAuts
     D:1: 501 daAuts
     D:8: 431 daAuts
Gauntlet: 403 daAuts
  Temple: 93 daAuts
    D:12: 13 daAuts
